[ AOE2 MATCH · #483499278 ]
Team RMBulgarians vs Maya
[ REPLAY ANALYSIS · EXTRACTED FROM THE RECORDED GAME ]
Feudal
10:32
Castle
19:13
Imperial
32:48
| APM avg | 31.0 |
| APM peak | 70 |
| eAPM avg | 14.4 |
| Villagers / military | 120 / 145 |
Focus
⚔️ 27.8% · 🌾 72.2%
Konnik ×83 · Scout Cavalry ×35 · Trade Cart ×19 · Skirmisher ×18 · Trebuchet (Packed) ×4 · Battering Ram ×3
Feudal
11:22
Castle
18:00
Imperial
33:34
| APM avg | 23.7 |
| APM peak | 45 |
| eAPM avg | 17.6 |
| Villagers / military | 163 / 349 |
Focus
⚔️ 32.6% · 🌾 67.4%
Militia ×181 · Spearman ×114 · Skirmisher ×37 · Battering Ram ×13 · Trade Cart ×6 · Trebuchet (Packed) ×4
Feudal
10:53
Castle
19:06
Imperial
31:08
| APM avg | 42.6 |
| APM peak | 86 |
| eAPM avg | 19.3 |
| Villagers / military | 110 / 77 |
Focus
⚔️ 19.0% · 🌾 81.0%
Knight ×64 · Throwing Axeman ×12 · Scout Cavalry ×1
Feudal
—
Castle
—
Imperial
—
| APM avg | 19.3 |
| APM peak | 63 |
| eAPM avg | 15.8 |
| Villagers / military | 124 / 219 |
Focus
⚔️ 44.0% · 🌾 56.0%
Knight ×67 · Spearman ×53 · Scout Cavalry ×39 · Camel Scout ×27 · Gbeto ×27 · Trade Cart ×7
Feudal
10:04
Castle
21:02
Imperial
41:47
| APM avg | 27.1 |
| APM peak | 54 |
| eAPM avg | 16.6 |
| Villagers / military | 97 / 112 |
Focus
⚔️ 28.5% · 🌾 71.5%
Scout Cavalry ×38 · Knight ×32 · Monaspa ×15 · Scorpion ×12 · Trade Cart ×11 · Spearman ×7
Feudal
10:18
Castle
18:56
Imperial
34:44
| APM avg | 24.7 |
| APM peak | 54 |
| eAPM avg | 14.9 |
| Villagers / military | 103 / 161 |
Focus
⚔️ 33.4% · 🌾 66.6%
Knight ×82 · Spearman ×60 · Trade Cart ×10 · Monk ×6 · Skirmisher ×5 · Trebuchet (Packed) ×4
Feudal
10:18
Castle
17:10
Imperial
31:22
| APM avg | 53.2 |
| APM peak | 113 |
| eAPM avg | 28.8 |
| Villagers / military | 167 / 196 |
Focus
⚔️ 33.3% · 🌾 66.7%
Spearman ×111 · Hand Cannoneer ×55 · Bombard Cannon ×19 · Trade Cart ×16 · Monk ×4 · Militia ×3
Feudal
10:52
Castle
17:37
Imperial
32:28
| APM avg | 29.1 |
| APM peak | 61 |
| eAPM avg | 15.0 |
| Villagers / military | 117 / 320 |
Focus
⚔️ 31.6% · 🌾 68.4%
Skirmisher ×229 · Spearman ×81 · Trebuchet (Packed) ×10
Match map
Resources at game start + every placement click. Thick line = wall · dashed box = detected house wall. 🟡 gold · ⚪ stone · 🟢 berries · 🔶 boar · ⭕ relic
Inputs per minute
— Nerdyx - - Maya
Build order — Nerdyx
First 150 of 426 actions detected
| 0:02 | Create | Villager (Male) |
| 0:02 | Create | Villager (Male) |
| 0:03 | Build | House |
| 0:04 | Build | House |
| 0:11 | Create | Villager (Male) |
| 0:45 | Create | Villager (Male) |
| 0:45 | Create | Villager (Male) |
| 1:34 | Create | Villager (Male) |
| 1:34 | Create | Villager (Male) |
| 1:50 | Create | Villager (Male) |
| 2:25 | Create | Villager (Male) |
| 2:34 | Build | Lumber Camp |
| 2:54 | Create | Villager (Male) |
| 2:54 | Create | Villager (Male) |
| 3:08 | Create | Villager (Male) |
| 3:26 | Build | House |
| 3:44 | Create | Villager (Male) |
| 4:03 | Create | Villager (Male) |
| 4:05 | Build | House |
| 4:30 | Create | Villager (Male) |
| 4:40 | Build | House |
| 4:59 | Create | Villager (Male) |
| 5:23 | Create | Villager (Male) |
| 5:34 | Build | Mill |
| 5:35 | Create | Villager (Male) |
| 6:11 | Create | Villager (Male) |
| 6:18 | Create | Villager (Male) |
| 6:45 | Build | Mining Camp |
| 6:48 | Create | Villager (Male) |
| 7:09 | Create | Villager (Male) |
| 7:36 | Create | Villager (Male) |
| 8:15 | Research | Feudal Age |
| 8:24 | Build | Farm |
| 9:01 | Build | Farm |
| 9:05 | Build | Farm |
| 9:38 | Create | Villager (Male) |
| 9:42 | Research | Loom |
| 9:43 | Create | Villager (Male) |
| 10:05 | Build | Farm |
| 10:11 | Build | Farm |
| 10:32 | Age | Feudal Age |
| 10:32 | Research | Double-Bit Axe |
| 10:33 | Research | Double-Bit Axe |
| 10:42 | Create | Villager (Male) |
| 11:25 | Create | Villager (Male) |
| 11:36 | Create | Villager (Male) |
| 11:50 | Build | Blacksmith |
| 11:58 | Build | Farm |
| 12:00 | Build | Farm |
| 12:19 | Create | Villager (Male) |
| 12:45 | Build | House |
| 12:49 | Create | Villager (Male) |
| 12:59 | Build | Farm |
| 13:05 | Build | Mining Camp |
| 13:09 | Create | Villager (Male) |
| 13:11 | Build | House |
| 13:37 | Create | Villager (Male) |
| 14:01 | Build | House |
| 14:02 | Build | House |
| 14:04 | Create | Villager (Male) |
| 14:14 | Build | Market |
| 14:16 | Create | Villager (Male) |
| 14:36 | Research | Horse Collar |
| 14:36 | Research | Horse Collar |
| 14:36 | Research | Horse Collar |
| 14:49 | Build | Stone Wall |
| 14:49 | Build | Stone Wall |
| 15:00 | Build | Stone Wall |
| 15:38 | Build | Farm |
| 15:43 | Create | Villager (Male) |
| 15:44 | Create | Villager (Male) |
| 15:51 | Research | Stone Mining |
| 15:57 | Build | House |
| 16:26 | Build | Farm |
| 16:29 | Research | Castle Age |
| 16:37 | Build | Farm |
| 17:08 | Research | Gold Mining |
| 17:13 | Create | Villager (Male) |
| 17:14 | Create | Villager (Male) |
| 18:37 | Create | Villager (Male) |
| 19:13 | Age | Castle Age |
| 19:22 | Build | Town Center |
| 19:26 | Research | Bow Saw |
| 19:28 | Research | Heavy Plow |
| 19:33 | Create | Villager (Male) |
| 20:13 | Build | Town Center |
| 20:23 | Create | Villager (Male) |
| 20:46 | Build | House |
| 20:47 | Build | House |
| 20:48 | Build | House |
| 20:51 | Build | House |
| 20:52 | Create | Villager (Male) |
| 20:53 | Create | Villager (Male) |
| 21:11 | Build | Lumber Camp |
| 21:17 | Create | Villager (Male) |
| 21:20 | Create | Villager (Male) |
| 21:20 | Create | Villager (Male) |
| 21:23 | Create | Villager (Male) |
| 21:23 | Create | Villager (Male) |
| 21:27 | Research | Wheelbarrow |
| 21:48 | Create | Villager (Male) |
| 21:49 | Create | Villager (Male) |
| 21:52 | Build | Farm |
| 21:56 | Create | Villager (Male) |
| 21:58 | Create | Villager (Male) |
| 21:58 | Create | Villager (Male) |
| 22:17 | Create | Villager (Male) |
| 22:17 | Create | Villager (Male) |
| 22:21 | Build | Farm |
| 22:24 | Build | Farm |
| 22:34 | Research | Coinage |
| 22:52 | Create | Villager (Male) |
| 22:52 | Create | Villager (Male) |
| 22:57 | Build | Farm |
| 23:12 | Build | Farm |
| 23:17 | Build | Farm |
| 23:27 | Build | House |
| 23:29 | Build | House |
| 23:31 | Build | House |
| 23:32 | Build | House |
| 23:33 | Build | House |
| 23:34 | Build | House |
| 23:36 | Build | House |
| 23:36 | Build | House |
| 23:38 | Create | Villager (Male) |
| 23:38 | Create | Villager (Male) |
| 23:39 | Create | Villager (Male) |
| 23:46 | Build | Farm |
| 23:53 | Build | Farm |
| 23:56 | Create | Villager (Male) |
| 23:56 | Create | Villager (Male) |
| 24:00 | Create | Villager (Male) |
| 24:10 | Research | Gold Shaft Mining |
| 24:12 | Research | Stone Shaft Mining |
| 24:21 | Create | Villager (Male) |
| 24:21 | Create | Villager (Male) |
| 24:23 | Build | Farm |
| 24:26 | Build | Farm |
| 24:35 | Create | Villager (Male) |
| 24:42 | Build | House |
| 24:43 | Build | House |
| 24:44 | Build | House |
| 24:45 | Build | House |
| 24:46 | Create | Villager (Male) |
| 24:47 | Create | Villager (Male) |
| 24:48 | Build | Farm |
| 24:52 | Build | Farm |
| 25:11 | Create | Villager (Male) |
| 25:11 | Create | Villager (Male) |
| 25:12 | Create | Villager (Male) |
Build order — Maya
First 150 of 556 actions detected
| 0:01 | Create | Villager (Male) |
| 0:01 | Create | Villager (Male) |
| 0:02 | Create | Villager (Male) |
| 0:02 | Create | Villager (Male) |
| 0:02 | Create | Villager (Male) |
| 0:02 | Research | Loom |
| 0:05 | Build | House |
| 0:07 | Build | House |
| 0:38 | Build | House |
| 0:39 | Build | House |
| 1:35 | Create | Villager (Male) |
| 1:35 | Create | Villager (Male) |
| 2:17 | Create | Villager (Male) |
| 2:17 | Create | Villager (Male) |
| 2:34 | Create | Villager (Male) |
| 3:18 | Create | Villager (Male) |
| 3:19 | Create | Villager (Male) |
| 3:37 | Build | Mule Cart |
| 4:11 | Create | Villager (Male) |
| 4:11 | Create | Villager (Male) |
| 4:50 | Build | Mill |
| 5:01 | Create | Villager (Male) |
| 5:02 | Create | Villager (Male) |
| 5:02 | Create | Villager (Male) |
| 5:10 | Build | House |
| 5:15 | Create | Villager (Male) |
| 6:17 | Create | Villager (Male) |
| 6:17 | Create | Villager (Male) |
| 6:18 | Create | Villager (Male) |
| 6:18 | Create | Villager (Male) |
| 6:45 | Create | Villager (Male) |
| 6:45 | Create | Villager (Male) |
| 7:09 | Build | Mule Cart |
| 7:18 | Create | Villager (Male) |
| 7:26 | Create | Villager (Male) |
| 7:26 | Create | Villager (Male) |
| 7:27 | Create | Villager (Male) |
| 7:56 | Build | Palisade Wall |
| 8:02 | Build | Palisade Wall |
| 8:06 | Build | Palisade Wall |
| 8:07 | Create | Villager (Male) |
| 8:49 | Research | Feudal Age |
| 9:25 | Create | Villager (Male) |
| 9:26 | Create | Villager (Male) |
| 9:44 | Build | Palisade Wall |
| 9:48 | Build | Palisade Wall |
| 11:08 | Create | Villager (Male) |
| 11:18 | Build | House |
| 11:22 | Age | Feudal Age |
| 11:26 | Research | Double-Bit Axe |
| 11:29 | Research | Horse Collar |
| 11:46 | Build | Stone Wall |
| 11:48 | Build | Stone Wall |
| 11:52 | Build | Stone Wall |
| 11:57 | Build | Outpost |
| 11:59 | Build | Outpost |
| 12:03 | Create | Villager (Male) |
| 12:15 | Build | Palisade Wall |
| 12:32 | Build | Blacksmith |
| 12:44 | Build | Farm |
| 12:44 | Build | Farm |
| 12:44 | Build | Farm |
| 12:45 | Build | Farm |
| 12:45 | Build | Farm |
| 12:45 | Build | Farm |
| 12:45 | Build | Farm |
| 12:58 | Build | Market |
| 13:09 | Build | House |
| 13:37 | Build | Stone Wall |
| 13:40 | Create | Villager (Male) |
| 13:40 | Create | Villager (Male) |
| 13:41 | Create | Villager (Male) |
| 13:45 | Build | Farm |
| 13:46 | Build | Farm |
| 13:46 | Build | Farm |
| 13:46 | Build | Farm |
| 13:46 | Build | Farm |
| 13:47 | Build | Farm |
| 13:47 | Build | Farm |
| 13:58 | Build | Farm |
| 14:06 | Build | Farm |
| 14:07 | Create | Villager (Male) |
| 14:17 | Build | Farm |
| 14:25 | Build | Farm |
| 14:50 | Build | Farm |
| 14:52 | Create | Villager (Male) |
| 15:06 | Build | Farm |
| 15:12 | Research | Castle Age |
| 16:00 | Build | House |
| 16:08 | Research | Gold Mining |
| 16:15 | Research | Stone Mining |
| 16:27 | Build | Mule Cart |
| 16:59 | Build | House |
| 17:04 | Build | House |
| 17:06 | Build | House |
| 17:14 | Create | Villager (Male) |
| 17:22 | Build | House |
| 17:29 | Build | House |
| 18:00 | Age | Castle Age |
| 18:08 | Research | Bow Saw |
| 18:09 | Research | Heavy Plow |
| 18:14 | Build | Town Center |
| 18:45 | Create | Villager (Male) |
| 18:45 | Create | Villager (Male) |
| 19:01 | Research | Gold Shaft Mining |
| 19:05 | Create | Villager (Male) |
| 19:18 | Build | Town Center |
| 19:38 | Create | Villager (Male) |
| 19:39 | Create | Villager (Male) |
| 19:44 | Create | Villager (Male) |
| 19:51 | Create | Villager (Male) |
| 20:00 | Build | House |
| 20:02 | Build | House |
| 20:03 | Build | House |
| 20:07 | Build | House |
| 20:08 | Build | House |
| 20:09 | Build | House |
| 20:12 | Create | Villager (Male) |
| 20:13 | Create | Villager (Male) |
| 20:14 | Create | Villager (Male) |
| 20:26 | Create | Villager (Male) |
| 20:44 | Create | Villager (Male) |
| 20:48 | Build | Farm |
| 20:49 | Build | Farm |
| 20:49 | Build | Farm |
| 20:49 | Build | Farm |
| 20:50 | Build | Farm |
| 20:50 | Build | Farm |
| 20:50 | Build | Farm |
| 20:50 | Build | Farm |
| 20:51 | Build | Farm |
| 20:59 | Create | Villager (Male) |
| 21:14 | Create | Villager (Male) |
| 21:14 | Create | Villager (Male) |
| 21:20 | Create | Villager (Male) |
| 21:23 | Create | Villager (Male) |
| 21:43 | Create | Villager (Male) |
| 21:49 | Create | Villager (Male) |
| 22:01 | Build | Town Center |
| 22:06 | Create | Villager (Male) |
| 22:14 | Build | House |
| 22:16 | Build | House |
| 22:17 | Build | House |
| 22:18 | Build | House |
| 22:20 | Build | House |
| 22:21 | Build | House |
| 22:22 | Build | House |
| 22:23 | Build | House |
| 22:25 | Build | House |
| 22:26 | Create | Villager (Male) |
Build order — ROOOO
First 150 of 299 actions detected
| 0:06 | Create | Villager (Male) |
| 0:07 | Create | Villager (Male) |
| 0:09 | Build | House |
| 0:32 | Build | House |
| 0:55 | Create | Villager (Male) |
| 1:01 | Create | Villager (Male) |
| 1:35 | Build | Lumber Camp |
| 1:36 | Create | Villager (Male) |
| 2:16 | Create | Villager (Male) |
| 2:45 | Create | Villager (Male) |
| 3:28 | Create | Villager (Male) |
| 3:55 | Create | Villager (Male) |
| 4:31 | Create | Villager (Male) |
| 4:31 | Create | Villager (Male) |
| 4:50 | Build | House |
| 5:15 | Build | House |
| 5:30 | Build | Mining Camp |
| 5:31 | Create | Villager (Male) |
| 6:20 | Create | Villager (Male) |
| 6:20 | Create | Villager (Male) |
| 6:31 | Create | Villager (Male) |
| 6:48 | Create | Villager (Male) |
| 7:40 | Create | Villager (Male) |
| 8:43 | Research | Feudal Age |
| 9:30 | Build | House |
| 9:32 | Build | House |
| 10:45 | Create | Villager (Male) |
| 10:45 | Create | Villager (Male) |
| 10:53 | Age | Feudal Age |
| 10:58 | Create | Villager (Male) |
| 11:26 | Build | Mill |
| 11:29 | Create | Villager (Male) |
| 11:36 | Build | Blacksmith |
| 11:49 | Build | House |
| 11:56 | Create | Villager (Male) |
| 12:23 | Build | House |
| 12:35 | Build | Palisade Wall |
| 12:40 | Build | Palisade Wall |
| 12:46 | Build | Palisade Wall |
| 12:50 | Create | Villager (Male) |
| 12:58 | Research | Double-Bit Axe |
| 13:32 | Create | Villager (Male) |
| 13:33 | Create | Villager (Male) |
| 14:00 | Build | Barracks |
| 14:03 | Build | Farm |
| 14:06 | Create | Villager (Male) |
| 14:24 | Build | Farm |
| 14:26 | Create | Villager (Male) |
| 14:51 | Build | Farm |
| 15:01 | Build | Farm |
| 15:01 | Create | Villager (Male) |
| 15:34 | Build | Stable |
| 15:51 | Create | Villager (Male) |
| 15:55 | Create | Villager (Male) |
| 16:26 | Research | Castle Age |
| 16:33 | Build | Farm |
| 16:33 | Build | Farm |
| 16:35 | Create | Scout Cavalry |
| 16:54 | Build | Mining Camp |
| 18:43 | Research | Stone Mining |
| 18:47 | Create | Villager (Male) |
| 18:48 | Create | Villager (Male) |
| 18:49 | Create | Villager (Male) |
| 19:06 | Age | Castle Age |
| 19:10 | Build | Town Center |
| 19:18 | Build | Town Center |
| 19:37 | Create | Knight |
| 19:39 | Create | Knight |
| 19:45 | Create | Villager (Male) |
| 19:45 | Create | Villager (Male) |
| 20:10 | Build | Farm |
| 20:17 | Create | Villager (Male) |
| 20:17 | Create | Villager (Male) |
| 20:38 | Create | Villager (Male) |
| 20:38 | Create | Villager (Male) |
| 20:38 | Create | Villager (Male) |
| 20:44 | Build | Farm |
| 20:52 | Create | Villager (Male) |
| 20:58 | Create | Knight |
| 21:28 | Build | Castle |
| 21:46 | Build | Stone Wall |
| 21:56 | Create | Villager (Male) |
| 21:56 | Create | Villager (Male) |
| 21:56 | Create | Villager (Male) |
| 22:46 | Build | Mining Camp |
| 22:51 | Create | Knight |
| 22:52 | Create | Knight |
| 23:04 | Build | Farm |
| 23:05 | Build | Farm |
| 23:05 | Build | Farm |
| 23:05 | Build | Farm |
| 23:06 | Build | Farm |
| 23:06 | Build | Farm |
| 23:10 | Build | Farm |
| 23:11 | Create | Villager (Male) |
| 23:12 | Create | Villager (Male) |
| 23:27 | Build | Stone Wall |
| 23:41 | Create | Knight |
| 23:49 | Build | Farm |
| 23:49 | Build | Farm |
| 23:50 | Build | Farm |
| 23:54 | Create | Villager (Male) |
| 23:54 | Create | Villager (Male) |
| 24:02 | Build | Farm |
| 24:27 | Build | Stone Wall |
| 24:40 | Build | Building 487 |
| 24:46 | Create | Knight |
| 24:48 | Create | Villager (Male) |
| 24:48 | Create | Villager (Male) |
| 24:49 | Create | Villager (Male) |
| 24:49 | Create | Villager (Male) |
| 25:08 | Create | Villager (Male) |
| 25:08 | Create | Villager (Male) |
| 25:09 | Create | Villager (Male) |
| 25:23 | Build | Town Center |
| 25:26 | Create | Villager (Male) |
| 25:35 | Build | Farm |
| 25:35 | Build | Farm |
| 25:35 | Build | Farm |
| 25:42 | Build | Farm |
| 26:06 | Build | Stone Wall |
| 26:09 | Build | Stone Wall |
| 26:21 | Build | Stone Wall |
| 26:39 | Build | Farm |
| 26:40 | Build | Farm |
| 26:40 | Build | Farm |
| 26:45 | Build | Farm |
| 26:45 | Build | Farm |
| 26:45 | Build | Farm |
| 26:46 | Build | Farm |
| 26:48 | Create | Villager (Male) |
| 26:48 | Create | Villager (Male) |
| 26:48 | Create | Villager (Male) |
| 27:43 | Build | Farm |
| 27:58 | Research | Imperial Age |
| 28:51 | Create | Villager (Male) |
| 28:51 | Create | Villager (Male) |
| 28:51 | Create | Villager (Male) |
| 28:52 | Create | Villager (Male) |
| 28:53 | Create | Villager (Male) |
| 28:53 | Create | Villager (Male) |
| 28:53 | Create | Villager (Male) |
| 28:54 | Create | Villager (Male) |
| 28:54 | Create | Villager (Male) |
| 28:54 | Create | Villager (Male) |
| 28:54 | Create | Villager (Male) |
| 29:11 | Build | Castle |
| 29:24 | Create | Villager (Male) |
| 29:25 | Research | Wheelbarrow |
| 29:26 | Create | Villager (Male) |
Build order — Enjoyablekandy
First 150 of 541 actions detected
| 0:01 | Create | Villager (Male) |
| 0:01 | Create | Villager (Male) |
| 0:01 | Create | Villager (Male) |
| 0:02 | Create | Villager (Male) |
| 0:02 | Create | Villager (Male) |
| 0:03 | Build | House |
| 0:04 | Build | House |
| 1:23 | Create | Villager (Male) |
| 1:46 | Build | Lumber Camp |
| 2:01 | Create | Villager (Male) |
| 2:28 | Create | Villager (Male) |
| 2:54 | Create | Villager (Male) |
| 3:00 | Build | House |
| 3:02 | Build | House |
| 3:03 | Build | House |
| 3:08 | Create | Villager (Male) |
| 3:08 | Create | Villager (Male) |
| 3:46 | Create | Villager (Male) |
| 3:46 | Create | Villager (Male) |
| 4:01 | Create | Villager (Male) |
| 4:38 | Create | Villager (Male) |
| 4:38 | Create | Villager (Male) |
| 5:22 | Create | Villager (Male) |
| 5:37 | Build | Mill |
| 5:54 | Create | Villager (Male) |
| 6:01 | Create | Villager (Male) |
| 6:01 | Create | Villager (Male) |
| 7:05 | Create | Villager (Male) |
| 7:06 | Create | Villager (Male) |
| 7:06 | Create | Villager (Male) |
| 7:06 | Create | Villager (Male) |
| 7:06 | Create | Villager (Male) |
| 7:21 | Build | Mining Camp |
| 7:54 | Build | Barracks |
| 8:01 | Build | Palisade Wall |
| 8:55 | Research | Feudal Age |
| 10:01 | Build | Farm |
| 10:23 | Build | Lumber Camp |
| 10:29 | Build | Farm |
| 10:32 | Build | Farm |
| 10:52 | Create | Villager (Male) |
| 10:53 | Create | Villager (Male) |
| 10:53 | Create | Villager (Male) |
| 11:06 | Build | Mill |
| 11:55 | Build | Blacksmith |
| 12:15 | Build | House |
| 12:17 | Build | House |
| 12:25 | Create | Villager (Male) |
| 12:38 | Build | Market |
| 13:04 | Build | Mining Camp |
| 13:07 | Research | Castle Age |
| 13:37 | Build | Stone Wall |
| 13:40 | Build | Building 487 |
| 13:50 | Research | Double-Bit Axe |
| 14:04 | Build | Stone Wall |
| 14:57 | Build | Stone Wall |
| 15:14 | Create | Villager (Male) |
| 15:14 | Create | Villager (Male) |
| 15:14 | Create | Villager (Male) |
| 15:51 | Build | Town Center |
| 15:58 | Research | Loom |
| 15:59 | Research | Wheelbarrow |
| 16:18 | Build | Farm |
| 16:22 | Research | Horse Collar |
| 16:45 | Build | Market |
| 16:51 | Build | Lumber Camp |
| 16:56 | Create | Villager (Male) |
| 16:56 | Create | Villager (Male) |
| 16:58 | Create | Villager (Male) |
| 17:05 | Build | Farm |
| 17:07 | Create | Villager (Male) |
| 17:24 | Build | Mining Camp |
| 17:28 | Create | Villager (Male) |
| 17:45 | Create | Villager (Male) |
| 17:50 | Build | Farm |
| 18:02 | Create | Villager (Male) |
| 18:10 | Build | Farm |
| 18:17 | Build | Farm |
| 18:18 | Create | Villager (Male) |
| 18:24 | Build | House |
| 18:24 | Build | House |
| 18:26 | Build | House |
| 18:27 | Build | House |
| 18:28 | Build | House |
| 18:29 | Build | House |
| 18:36 | Build | House |
| 18:38 | Create | Villager (Male) |
| 18:41 | Build | Farm |
| 19:07 | Build | Farm |
| 19:13 | Build | Farm |
| 19:15 | Create | Villager (Male) |
| 19:15 | Create | Villager (Male) |
| 19:31 | Build | Town Center |
| 19:37 | Create | Villager (Male) |
| 19:49 | Create | Villager (Male) |
| 19:50 | Create | Villager (Male) |
| 19:54 | Build | Farm |
| 19:54 | Build | Farm |
| 20:15 | Create | Villager (Male) |
| 20:20 | Build | Farm |
| 20:27 | Build | Farm |
| 20:28 | Create | Villager (Male) |
| 20:28 | Create | Villager (Male) |
| 20:33 | Build | Farm |
| 20:49 | Build | Farm |
| 20:52 | Build | Farm |
| 20:53 | Create | Villager (Male) |
| 20:53 | Create | Villager (Male) |
| 20:58 | Build | House |
| 20:59 | Build | House |
| 21:00 | Build | House |
| 21:03 | Create | Villager (Male) |
| 21:12 | Build | Farm |
| 21:18 | Create | Villager (Male) |
| 21:36 | Build | Farm |
| 21:39 | Create | Villager (Male) |
| 21:39 | Create | Villager (Male) |
| 21:42 | Build | Farm |
| 21:56 | Create | Villager (Male) |
| 21:57 | Create | Villager (Male) |
| 21:57 | Create | Villager (Male) |
| 22:05 | Build | Farm |
| 22:07 | Build | Farm |
| 22:08 | Create | Villager (Male) |
| 22:09 | Create | Villager (Male) |
| 22:21 | Create | Villager (Male) |
| 22:31 | Build | Farm |
| 22:33 | Build | Farm |
| 22:34 | Create | Villager (Male) |
| 22:34 | Create | Villager (Male) |
| 22:52 | Build | House |
| 22:53 | Build | House |
| 22:54 | Build | House |
| 23:00 | Build | Farm |
| 23:01 | Create | Villager (Male) |
| 23:01 | Create | Villager (Male) |
| 23:02 | Create | Villager (Male) |
| 23:04 | Build | Farm |
| 23:15 | Create | Villager (Male) |
| 23:15 | Create | Villager (Male) |
| 23:15 | Create | Villager (Male) |
| 23:22 | Build | Mill |
| 23:24 | Build | Farm |
| 23:27 | Build | Farm |
| 23:28 | Create | Villager (Male) |
| 23:28 | Create | Villager (Male) |
| 23:28 | Create | Villager (Male) |
| 23:30 | Build | Farm |
| 23:36 | Create | Villager (Male) |
| 23:42 | Build | House |
Build order — Tlacaelel.MX
First 150 of 383 actions detected
| 0:04 | Create | Villager (Male) |
| 0:05 | Build | House |
| 0:06 | Build | House |
| 0:09 | Build | House |
| 0:19 | Create | Villager (Male) |
| 0:19 | Create | Villager (Male) |
| 0:20 | Create | Villager (Male) |
| 0:20 | Create | Villager (Male) |
| 1:55 | Create | Villager (Male) |
| 1:56 | Create | Villager (Male) |
| 2:47 | Create | Villager (Male) |
| 2:48 | Create | Villager (Male) |
| 3:09 | Create | Villager (Male) |
| 3:25 | Build | House |
| 3:37 | Create | Villager (Male) |
| 4:18 | Create | Villager (Male) |
| 4:48 | Create | Villager (Male) |
| 4:48 | Create | Villager (Male) |
| 4:48 | Create | Villager (Male) |
| 4:56 | Build | Mill |
| 5:46 | Create | Villager (Male) |
| 5:46 | Create | Villager (Male) |
| 5:49 | Research | Loom |
| 6:05 | Create | Villager (Male) |
| 6:25 | Build | House |
| 7:54 | Research | Feudal Age |
| 8:28 | Build | House |
| 9:09 | Create | Villager (Male) |
| 9:09 | Create | Villager (Male) |
| 9:37 | Build | Barracks |
| 9:54 | Build | Mule Cart |
| 10:04 | Age | Feudal Age |
| 10:09 | Build | Stone Wall |
| 10:26 | Build | Stone Wall |
| 10:31 | Create | Villager (Male) |
| 10:41 | Create | Villager (Male) |
| 10:52 | Build | Stone Wall |
| 11:12 | Build | Stone Wall |
| 11:14 | Create | Spearman |
| 11:16 | Create | Spearman |
| 11:22 | Build | Building 665 |
| 11:38 | Create | Villager (Male) |
| 11:47 | Build | Stone Wall |
| 11:48 | Build | Stone Wall |
| 11:52 | Build | Building 487 |
| 12:08 | Create | Villager (Male) |
| 12:23 | Build | Mule Cart |
| 12:26 | Create | Villager (Male) |
| 12:35 | Create | Spearman |
| 12:43 | Build | House |
| 12:47 | Build | House |
| 12:54 | Create | Spearman |
| 13:11 | Build | Stone Wall |
| 13:23 | Build | Stone Wall |
| 13:32 | Create | Villager (Male) |
| 13:45 | Build | Market |
| 13:49 | Create | Villager (Male) |
| 14:02 | Build | Blacksmith |
| 14:09 | Build | Stone Wall |
| 14:16 | Create | Villager (Male) |
| 14:21 | Build | Stone Wall |
| 14:31 | Build | Farm |
| 14:33 | Create | Villager (Male) |
| 14:48 | Build | House |
| 14:50 | Build | House |
| 14:54 | Build | House |
| 15:23 | Build | Farm |
| 15:24 | Build | Farm |
| 15:40 | Create | Villager (Male) |
| 16:00 | Build | Stable |
| 16:04 | Create | Villager (Male) |
| 16:08 | Build | Farm |
| 16:16 | Build | Farm |
| 16:21 | Build | Farm |
| 16:24 | Create | Villager (Male) |
| 16:51 | Build | Farm |
| 17:04 | Build | Farm |
| 17:36 | Build | Mule Cart |
| 18:10 | Build | Farm |
| 18:22 | Research | Castle Age |
| 19:26 | Build | Stable |
| 19:33 | Create | Scout Cavalry |
| 19:43 | Research | Double-Bit Axe |
| 20:33 | Build | Stable |
| 20:37 | Create | Villager (Male) |
| 20:42 | Research | Stone Mining |
| 21:02 | Age | Castle Age |
| 21:18 | Create | Villager (Male) |
| 21:20 | Build | Town Center |
| 21:28 | Create | Villager (Male) |
| 21:55 | Research | Gold Mining |
| 21:58 | Build | Farm |
| 22:00 | Create | Villager (Male) |
| 22:17 | Build | Town Center |
| 22:20 | Create | Villager (Male) |
| 22:26 | Build | Farm |
| 22:34 | Create | Villager (Male) |
| 22:42 | Create | Knight |
| 22:46 | Create | Knight |
| 23:06 | Create | Villager (Male) |
| 23:20 | Build | Monastery |
| 23:30 | Build | Monastery |
| 23:35 | Create | Villager (Male) |
| 23:37 | Create | Villager (Male) |
| 23:47 | Create | Knight |
| 23:56 | Create | Villager (Male) |
| 24:02 | Build | Farm |
| 24:05 | Build | Farm |
| 24:07 | Create | Villager (Male) |
| 24:15 | Create | Villager (Male) |
| 24:18 | Create | Villager (Male) |
| 24:21 | Build | Farm |
| 24:22 | Build | Farm |
| 24:36 | Build | Farm |
| 24:38 | Create | Villager (Male) |
| 24:55 | Create | Knight |
| 25:04 | Build | House |
| 25:05 | Build | House |
| 25:14 | Build | Outpost |
| 25:16 | Create | Villager (Male) |
| 25:19 | Build | Farm |
| 25:24 | Create | Villager (Male) |
| 25:31 | Create | Villager (Male) |
| 25:39 | Build | Farm |
| 25:41 | Create | Villager (Male) |
| 25:54 | Create | Monk |
| 25:59 | Create | Knight |
| 26:07 | Create | Villager (Male) |
| 26:08 | Create | Villager (Male) |
| 26:10 | Create | Villager (Male) |
| 26:14 | Build | Farm |
| 26:21 | Create | Villager (Male) |
| 26:22 | Create | Villager (Male) |
| 26:28 | Build | Farm |
| 26:37 | Build | Farm |
| 26:38 | Create | Villager (Male) |
| 26:57 | Create | Monk |
| 27:10 | Create | Villager (Male) |
| 27:12 | Create | Villager (Male) |
| 27:13 | Create | Villager (Male) |
| 27:15 | Create | Villager (Male) |
| 27:21 | Build | Farm |
| 27:22 | Build | Farm |
| 27:23 | Build | Farm |
| 27:24 | Research | Horse Collar |
| 27:32 | Build | Outpost |
| 27:55 | Research | Bloodlines |
| 28:03 | Research | Husbandry |
| 28:15 | Create | Villager (Male) |
| 28:28 | Create | Villager (Male) |
Build order — fonsejua
First 150 of 350 actions detected
| 0:02 | Create | Villager (Male) |
| 0:02 | Create | Villager (Male) |
| 0:02 | Create | Villager (Male) |
| 0:04 | Build | House |
| 0:12 | Create | Villager (Male) |
| 0:20 | Create | Villager (Male) |
| 0:20 | Create | Villager (Male) |
| 0:52 | Build | House |
| 0:53 | Build | House |
| 0:54 | Build | House |
| 0:59 | Build | Lumber Camp |
| 1:31 | Create | Villager (Male) |
| 2:11 | Create | Villager (Male) |
| 2:42 | Create | Villager (Male) |
| 3:19 | Create | Villager (Male) |
| 3:42 | Create | Villager (Male) |
| 3:42 | Create | Villager (Male) |
| 4:57 | Create | Villager (Male) |
| 5:08 | Create | Villager (Male) |
| 5:09 | Create | Villager (Male) |
| 5:09 | Create | Villager (Male) |
| 5:19 | Create | Villager (Male) |
| 5:45 | Build | Mill |
| 6:04 | Create | Villager (Male) |
| 6:21 | Create | Villager (Male) |
| 6:37 | Create | Villager (Male) |
| 6:53 | Create | Villager (Male) |
| 6:54 | Create | Villager (Male) |
| 6:59 | Create | Villager (Male) |
| 7:15 | Create | Villager (Male) |
| 8:04 | Create | Villager (Male) |
| 8:05 | Create | Villager (Male) |
| 8:08 | Research | Feudal Age |
| 8:35 | Build | Mining Camp |
| 8:48 | Build | Palisade Wall |
| 8:59 | Build | Barracks |
| 9:08 | Build | House |
| 9:10 | Build | House |
| 9:14 | Build | House |
| 9:16 | Build | House |
| 10:18 | Age | Feudal Age |
| 10:30 | Build | Stable |
| 10:40 | Create | Villager (Male) |
| 10:41 | Create | Villager (Male) |
| 10:55 | Build | Blacksmith |
| 11:03 | Create | Villager (Male) |
| 11:22 | Create | Spearman |
| 11:22 | Create | Spearman |
| 11:55 | Build | House |
| 11:59 | Build | House |
| 12:02 | Build | House |
| 12:06 | Create | Villager (Male) |
| 12:07 | Create | Villager (Male) |
| 12:07 | Create | Villager (Male) |
| 12:07 | Create | Villager (Male) |
| 12:08 | Create | Villager (Male) |
| 12:11 | Build | Farm |
| 12:11 | Build | Farm |
| 12:12 | Build | Farm |
| 12:32 | Create | Villager (Male) |
| 12:51 | Create | Villager (Male) |
| 13:07 | Build | Farm |
| 13:07 | Build | Farm |
| 13:30 | Build | Archery Range |
| 13:51 | Build | Archery Range |
| 13:54 | Create | Villager (Male) |
| 13:58 | Build | Farm |
| 13:58 | Build | Farm |
| 14:01 | Research | Double-Bit Axe |
| 14:24 | Build | Mining Camp |
| 14:26 | Create | Villager (Male) |
| 15:23 | Build | Farm |
| 15:23 | Build | Farm |
| 15:25 | Build | Farm |
| 15:25 | Build | Farm |
| 15:25 | Build | Farm |
| 15:48 | Create | Villager (Male) |
| 15:51 | Build | Farm |
| 15:54 | Build | Farm |
| 15:55 | Build | Farm |
| 16:01 | Build | Farm |
| 16:09 | Research | Castle Age |
| 16:10 | Research | Castle Age |
| 16:35 | Research | Gold Mining |
| 17:09 | Research | Scale Barding Armor |
| 17:09 | Research | Forging |
| 17:40 | Research | Forging |
| 17:40 | Research | Forging |
| 18:19 | Research | Bloodlines |
| 18:26 | Create | Villager (Male) |
| 18:56 | Age | Castle Age |
| 19:00 | Build | Town Center |
| 19:16 | Build | Town Center |
| 19:25 | Build | Monastery |
| 19:27 | Build | Monastery |
| 19:30 | Create | Villager (Male) ×4 |
| 19:39 | Create | Knight |
| 20:05 | Create | Monk |
| 20:38 | Create | Monk |
| 20:51 | Build | Market |
| 20:55 | Build | University |
| 21:00 | Create | Villager (Male) ×5 |
| 21:09 | Create | Villager (Male) |
| 21:12 | Create | Villager (Male) |
| 21:19 | Create | Villager (Male) |
| 21:19 | Create | Villager (Male) |
| 21:19 | Create | Villager (Male) |
| 21:19 | Create | Villager (Male) |
| 21:20 | Create | Villager (Male) |
| 21:20 | Create | Villager (Male) |
| 21:23 | Create | Monk |
| 21:24 | Create | Monk |
| 21:35 | Create | Knight |
| 22:10 | Create | Villager (Male) |
| 22:11 | Create | Villager (Male) |
| 22:13 | Build | Farm |
| 22:13 | Build | Farm |
| 22:13 | Build | Farm |
| 22:14 | Build | Farm |
| 22:14 | Build | Farm |
| 22:15 | Build | Farm |
| 22:15 | Build | Farm |
| 22:15 | Build | Farm |
| 22:52 | Create | Monk |
| 22:53 | Create | Monk |
| 23:42 | Create | Villager (Male) |
| 23:42 | Create | Villager (Male) |
| 23:58 | Create | Villager (Male) |
| 23:59 | Create | Villager (Male) |
| 24:00 | Create | Villager (Male) |
| 24:09 | Build | Town Center |
| 24:14 | Create | Villager (Male) |
| 24:17 | Build | Farm |
| 24:22 | Build | House |
| 24:23 | Build | House |
| 24:23 | Build | House |
| 24:24 | Build | House |
| 24:24 | Build | House |
| 24:25 | Build | House |
| 24:25 | Build | House |
| 24:25 | Build | House |
| 24:26 | Build | House |
| 24:27 | Build | House |
| 24:28 | Build | House |
| 24:28 | Build | House |
| 24:29 | Build | House |
| 24:29 | Build | House |
| 24:29 | Build | House |
| 24:30 | Build | House |
| 24:30 | Build | House |
Build order — dOWNTOWn
First 150 of 585 actions detected
| 0:02 | Build | House |
| 0:03 | Build | House |
| 0:04 | Create | Villager (Male) |
| 0:04 | Create | Villager (Male) |
| 0:04 | Create | Villager (Male) |
| 0:04 | Create | Villager (Male) |
| 1:02 | Build | Lumber Camp |
| 1:31 | Create | Villager (Male) |
| 1:59 | Create | Villager (Male) |
| 1:59 | Create | Villager (Male) |
| 2:43 | Create | Villager (Male) |
| 2:59 | Create | Villager (Male) |
| 2:59 | Create | Villager (Male) |
| 3:27 | Create | Villager (Male) |
| 3:27 | Create | Villager (Male) |
| 3:40 | Create | Villager (Male) |
| 3:40 | Create | Villager (Male) |
| 4:13 | Build | House |
| 4:17 | Create | Villager (Male) |
| 4:46 | Build | House |
| 4:59 | Create | Villager (Male) |
| 5:15 | Create | Villager (Male) |
| 5:25 | Create | Villager (Male) |
| 5:38 | Create | Villager (Male) |
| 5:49 | Create | Villager (Male) |
| 5:52 | Create | Villager (Male) |
| 6:31 | Create | Villager (Male) |
| 6:38 | Create | Villager (Male) |
| 6:47 | Build | Mill |
| 6:59 | Create | Villager (Male) |
| 7:54 | Research | Feudal Age |
| 8:03 | Create | Villager (Male) |
| 8:03 | Create | Villager (Male) |
| 8:12 | Create | Villager (Male) |
| 8:40 | Build | Lumber Camp |
| 10:18 | Age | Feudal Age |
| 10:21 | Build | Mining Camp |
| 10:23 | Create | Villager (Male) |
| 10:47 | Research | Double-Bit Axe |
| 10:49 | Create | Villager (Male) |
| 11:02 | Create | Villager (Male) |
| 11:24 | Build | House |
| 11:31 | Build | Barracks |
| 11:52 | Build | Farm |
| 12:07 | Create | Villager (Male) |
| 12:35 | Create | Villager (Male) |
| 12:39 | Create | Villager (Male) |
| 12:51 | Create | Villager (Male) |
| 13:05 | Build | House |
| 13:11 | Build | Palisade Gate |
| 13:12 | Create | Spearman |
| 13:20 | Create | Villager (Male) |
| 13:22 | Create | Spearman |
| 13:26 | Build | Market |
| 13:36 | Build | Blacksmith |
| 13:39 | Create | Villager (Male) |
| 13:43 | Build | Market |
| 13:54 | Create | Spearman |
| 13:57 | Build | House |
| 14:02 | Research | Horse Collar |
| 14:10 | Build | Farm |
| 14:30 | Research | Castle Age |
| 14:30 | Research | Castle Age |
| 14:38 | Build | Farm |
| 14:47 | Create | Spearman |
| 15:10 | Build | House |
| 15:17 | Build | Palisade Wall |
| 15:23 | Build | Palisade Wall |
| 15:40 | Build | Farm |
| 15:41 | Build | Farm |
| 15:43 | Create | Villager (Male) |
| 15:47 | Build | Farm |
| 15:50 | Build | Farm |
| 15:51 | Create | Villager (Male) |
| 16:06 | Create | Spearman |
| 17:10 | Age | Castle Age |
| 17:14 | Research | Bow Saw |
| 17:26 | Build | Town Center |
| 17:28 | Create | Villager (Male) |
| 17:35 | Build | Town Center |
| 17:37 | Create | Villager (Male) |
| 17:40 | Create | Villager (Male) |
| 17:52 | Build | House |
| 17:55 | Create | Villager (Male) |
| 18:03 | Create | Villager (Male) |
| 18:10 | Create | Villager (Male) |
| 18:20 | Build | Town Center |
| 18:23 | Create | Villager (Male) |
| 18:27 | Create | Villager (Male) |
| 18:40 | Create | Villager (Male) |
| 18:42 | Build | House |
| 18:58 | Research | Heavy Plow |
| 19:11 | Build | Farm |
| 19:23 | Build | House |
| 19:24 | Create | Villager (Male) |
| 19:26 | Build | Farm |
| 19:28 | Create | Villager (Male) |
| 19:28 | Create | Villager (Male) |
| 19:35 | Build | Farm |
| 19:39 | Create | Villager (Male) |
| 19:39 | Create | Villager (Male) |
| 19:42 | Build | Farm |
| 19:56 | Build | Farm |
| 19:57 | Create | Villager (Male) |
| 19:59 | Build | Farm |
| 20:03 | Build | Farm |
| 20:07 | Build | House |
| 20:11 | Build | House |
| 20:12 | Build | House |
| 20:15 | Create | Villager (Male) |
| 20:21 | Build | Farm |
| 20:22 | Research | Loom |
| 20:29 | Build | Farm |
| 20:30 | Create | Villager (Male) |
| 20:34 | Create | Villager (Male) |
| 20:34 | Create | Villager (Male) |
| 20:40 | Build | Farm |
| 20:44 | Build | Farm |
| 20:45 | Create | Villager (Male) |
| 20:45 | Create | Villager (Male) |
| 20:45 | Create | Villager (Male) |
| 20:55 | Build | House |
| 20:58 | Create | Villager (Male) |
| 20:58 | Create | Villager (Male) |
| 21:11 | Build | House |
| 21:14 | Build | House |
| 21:15 | Create | Villager (Male) |
| 21:15 | Create | Villager (Male) |
| 21:19 | Build | Farm |
| 21:25 | Create | Villager (Male) |
| 21:29 | Build | Farm |
| 21:31 | Build | Farm |
| 21:32 | Build | Farm |
| 21:34 | Build | Farm |
| 21:35 | Create | Villager (Male) |
| 21:35 | Create | Villager (Male) |
| 21:41 | Build | Farm |
| 21:43 | Create | Villager (Male) |
| 21:50 | Create | Spearman |
| 21:52 | Create | Villager (Male) |
| 22:06 | Create | Villager (Male) |
| 22:11 | Build | Monastery |
| 22:13 | Create | Villager (Male) |
| 22:13 | Create | Villager (Male) |
| 22:16 | Build | House |
| 22:17 | Build | House |
| 22:18 | Create | Villager (Male) |
| 22:22 | Build | Farm |
| 22:22 | Build | Farm |
| 22:23 | Build | Farm |
Build order — 失學α少女
First 150 of 349 actions detected
| 0:02 | Create | Villager (Male) |
| 0:03 | Create | Villager (Male) |
| 0:03 | Create | Villager (Male) |
| 0:05 | Build | House |
| 0:10 | Build | House |
| 0:16 | Research | Loom |
| 0:20 | Research | Loom |
| 0:21 | Create | Villager (Male) |
| 0:21 | Create | Villager (Male) |
| 0:22 | Create | Villager (Male) |
| 0:22 | Create | Villager (Male) |
| 1:37 | Create | Villager (Male) |
| 2:05 | Create | Villager (Male) |
| 2:32 | Build | Lumber Camp |
| 2:46 | Create | Villager (Male) |
| 2:51 | Create | Villager (Male) |
| 2:58 | Build | House |
| 3:00 | Build | House |
| 3:10 | Create | Villager (Male) |
| 3:21 | Create | Villager (Male) |
| 3:22 | Create | Villager (Male) |
| 4:00 | Create | Villager (Male) |
| 4:30 | Create | Villager (Male) |
| 4:43 | Create | Villager (Male) |
| 5:12 | Create | Villager (Male) |
| 5:58 | Create | Villager (Male) |
| 5:58 | Create | Villager (Male) |
| 6:24 | Build | Mill |
| 7:12 | Create | Villager (Male) |
| 7:12 | Create | Villager (Male) |
| 7:12 | Create | Villager (Male) |
| 7:41 | Build | Mining Camp |
| 8:32 | Build | Building 800 |
| 8:42 | Research | Feudal Age |
| 8:42 | Research | Feudal Age |
| 8:48 | Build | Palisade Wall |
| 9:19 | Build | Palisade Wall |
| 9:32 | Build | House |
| 9:41 | Create | Villager (Male) |
| 9:41 | Create | Villager (Male) |
| 10:52 | Age | Feudal Age |
| 11:06 | Build | Market |
| 11:15 | Create | Villager (Male) |
| 11:39 | Build | Farm |
| 11:40 | Build | Farm |
| 11:48 | Build | Blacksmith |
| 12:11 | Build | Stone Wall |
| 12:18 | Build | Mining Camp |
| 12:20 | Create | Villager (Male) |
| 12:20 | Create | Villager (Male) |
| 12:31 | Build | Farm |
| 12:35 | Build | Farm |
| 12:47 | Create | Villager (Male) |
| 12:49 | Build | Farm |
| 13:12 | Build | House |
| 13:29 | Build | Stone Wall |
| 13:43 | Build | Farm |
| 13:46 | Build | Farm |
| 13:47 | Build | Farm |
| 14:22 | Build | Building 665 |
| 14:29 | Build | Stone Wall |
| 14:57 | Research | Castle Age |
| 14:58 | Research | Castle Age |
| 15:22 | Research | Horse Collar |
| 15:25 | Research | Double-Bit Axe |
| 15:36 | Build | House |
| 16:18 | Build | House |
| 16:24 | Create | Villager (Male) |
| 16:25 | Create | Villager (Male) |
| 16:49 | Build | Barracks |
| 17:37 | Age | Castle Age |
| 18:03 | Build | Castle |
| 18:08 | Create | Villager (Male) |
| 18:24 | Create | Villager (Male) |
| 19:00 | Create | Villager (Male) |
| 19:09 | Build | Town Center |
| 19:11 | Create | Villager (Male) |
| 19:47 | Create | Villager (Male) |
| 20:05 | Research | Hulche Javelineers |
| 20:05 | Create | Villager (Male) |
| 20:45 | Build | Town Center |
| 20:49 | Create | Villager (Male) |
| 20:49 | Create | Villager (Male) |
| 20:50 | Create | Villager (Male) |
| 20:50 | Create | Villager (Male) |
| 21:07 | Build | Farm |
| 21:08 | Build | Farm |
| 21:10 | Create | Villager (Male) |
| 21:18 | Research | Bow Saw |
| 21:18 | Research | Bow Saw |
| 21:33 | Create | Villager (Male) |
| 21:49 | Research | Heavy Plow |
| 21:50 | Research | Heavy Plow |
| 21:52 | Create | Villager (Male) |
| 21:54 | Create | Villager (Male) |
| 21:57 | Build | Farm |
| 22:02 | Build | House |
| 22:03 | Build | House |
| 22:17 | Create | Villager (Male) |
| 22:18 | Create | Villager (Male) |
| 22:19 | Create | Villager (Male) |
| 22:32 | Build | Archery Range |
| 22:37 | Create | Villager (Male) |
| 22:50 | Build | House |
| 22:56 | Build | Farm |
| 22:56 | Build | Farm |
| 22:58 | Create | Villager (Male) |
| 22:59 | Create | Villager (Male) |
| 23:03 | Build | Farm |
| 23:05 | Build | Farm |
| 23:08 | Build | Farm |
| 23:11 | Create | Villager (Male) |
| 23:19 | Build | House |
| 23:20 | Build | House |
| 23:24 | Build | Farm |
| 23:25 | Build | Farm |
| 23:31 | Build | Farm |
| 23:35 | Build | Lumber Camp |
| 23:44 | Create | Villager (Male) ×3 |
| 24:00 | Research | Elite Skirmisher (upgrade) |
| 24:10 | Create | Villager (Male) ×2 |
| 24:16 | Build | Farm |
| 24:19 | Build | Farm |
| 24:22 | Build | Farm |
| 24:24 | Build | House |
| 24:26 | Build | House |
| 24:32 | Build | Farm |
| 24:39 | Build | Farm |
| 24:43 | Create | Villager (Male) ×4 |
| 24:51 | Build | House |
| 24:53 | Build | House |
| 24:55 | Build | House |
| 24:57 | Create | Villager (Male) ×2 |
| 25:07 | Build | Farm |
| 25:08 | Build | Farm |
| 25:13 | Build | Farm |
| 25:15 | Build | Farm |
| 25:19 | Build | Farm |
| 25:21 | Create | Villager (Male) ×4 |
| 25:45 | Build | Archery Range |
| 25:47 | Research | Wheelbarrow |
| 25:59 | Create | Villager (Male) ×2 |
| 26:07 | Build | University |
| 26:10 | Create | Villager (Male) ×2 |
| 26:21 | Build | Farm |
| 26:25 | Build | Farm |
| 26:33 | Build | Farm |
| 26:34 | Build | Farm |
| 26:35 | Build | Farm |
| 26:40 | Create | Villager (Male) ×5 |
Match timeline
| 7:54 | Enjoyablekandy · first_building Barracks |
| 7:56 | Maya · wall_segment Palisade Wall x6 |
| 8:01 | Enjoyablekandy · wall_segment Palisade Wall x15 |
| 8:02 | Maya · wall_segment Palisade Wall x12 |
| 8:06 | Maya · wall_segment Palisade Wall x7 |
| 8:48 | 失學α少女 · wall_segment Palisade Wall x3 |
| 8:48 | fonsejua · wall_segment Palisade Wall x12 |
| 8:59 | fonsejua · first_building Barracks |
| 9:19 | 失學α少女 · wall_segment Palisade Wall x3 |
| 9:37 | Tlacaelel.MX · first_building Barracks |
| 9:44 | Maya · wall_segment Palisade Wall x5 |
| 9:48 | Maya · wall_segment Palisade Wall x16 |
| 10:04 | Tlacaelel.MX · age_up feudal |
| 10:09 | Tlacaelel.MX · wall_segment Stone Wall x21 |
| 10:18 | fonsejua · age_up feudal |
| 10:18 | dOWNTOWn · age_up feudal |
| 10:26 | Tlacaelel.MX · wall_segment Stone Wall x10 |
| 10:30 | fonsejua · first_building Stable |
| 10:32 | Nerdyx · age_up feudal |
| 10:52 | 失學α少女 · age_up feudal |
| 10:52 | Tlacaelel.MX · wall_segment Stone Wall x2 |
| 10:53 | ROOOO · age_up feudal |
| 11:12 | Tlacaelel.MX · wall_segment Stone Wall x9 |
| 11:22 | Maya · age_up feudal |
| 11:31 | dOWNTOWn · first_building Barracks |
| 11:46 | Maya · wall_segment Stone Wall x7 |
| 11:47 | Tlacaelel.MX · wall_segment Stone Wall x2 |
| 11:48 | Maya · wall_segment Stone Wall x12 |
| 11:48 | Tlacaelel.MX · wall_segment Stone Wall x2 |
| 11:52 | Maya · wall_segment Stone Wall x5 |
| 12:11 | 失學α少女 · wall_segment Stone Wall x1 |
| 12:15 | Maya · wall_segment Palisade Wall x2 |
| 12:35 | ROOOO · wall_segment Palisade Wall x5 |
| 12:40 | ROOOO · wall_segment Palisade Wall x12 |
| 12:46 | ROOOO · wall_segment Palisade Wall x10 |
| 13:11 | Tlacaelel.MX · wall_segment Stone Wall x7 |
| 13:23 | Tlacaelel.MX · wall_segment Stone Wall x1 |
| 13:29 | 失學α少女 · wall_segment Stone Wall x2 |
| 13:30 | fonsejua · first_building Archery Range |
| 13:37 | Maya · wall_segment Stone Wall x21 |
| 13:37 | Enjoyablekandy · wall_segment Stone Wall x16 |
| 14:00 | ROOOO · first_building Barracks |
| 14:04 | Enjoyablekandy · wall_segment Stone Wall x5 |
| 14:09 | Tlacaelel.MX · wall_segment Stone Wall x4 |
| 14:21 | Tlacaelel.MX · wall_segment Stone Wall x1 |
| 14:29 | 失學α少女 · wall_segment Stone Wall x1 |
| 14:49 | Nerdyx · wall_segment Stone Wall x1 |
| 14:49 | Nerdyx · wall_segment Stone Wall x1 |
| 14:57 | Enjoyablekandy · wall_segment Stone Wall x1 |
| 15:00 | Nerdyx · wall_segment Stone Wall x1 |
| 15:17 | dOWNTOWn · wall_segment Palisade Wall x6 |
| 15:23 | dOWNTOWn · wall_segment Palisade Wall x5 |
| 15:34 | ROOOO · first_building Stable |
| 16:00 | Tlacaelel.MX · first_building Stable |
| 16:10 | Tlacaelel.MX · first_market_buy 100 food |
| 16:49 | 失學α少女 · first_building Barracks |
| 17:10 | dOWNTOWn · age_up castle |
| 17:37 | 失學α少女 · age_up castle |
| 18:00 | Maya · age_up castle |
| 18:01 | dOWNTOWn · first_market_buy 100 stone |
| 18:03 | 失學α少女 · first_building Castle |
| 18:56 | fonsejua · age_up castle |
| 19:06 | ROOOO · age_up castle |
| 19:11 | Maya · first_market_buy 100 stone |
| 19:13 | Nerdyx · age_up castle |
| 19:25 | fonsejua · first_building Monastery |
| 19:38 | Nerdyx · first_market_buy 100 wood |
| 21:02 | Tlacaelel.MX · age_up castle |
| 21:28 | ROOOO · first_building Castle |
| 21:46 | ROOOO · wall_segment Stone Wall x10 |
| 22:11 | dOWNTOWn · first_building Monastery |
| 22:32 | 失學α少女 · first_building Archery Range |
| 23:20 | Tlacaelel.MX · first_building Monastery |
| 23:21 | Maya · first_building Barracks |
| 23:27 | ROOOO · wall_segment Stone Wall x3 |
| 24:27 | ROOOO · wall_segment Stone Wall x9 |
| 25:15 | Nerdyx · first_building Monastery |
| 26:06 | ROOOO · wall_segment Stone Wall x4 |
| 26:09 | ROOOO · wall_segment Stone Wall x5 |
| 26:21 | ROOOO · wall_segment Stone Wall x2 |
| 27:05 | Enjoyablekandy · first_building Castle |
| 27:56 | Maya · first_building Castle |
| 28:17 | Maya · first_building Siege Workshop |
| 29:04 | dOWNTOWn · first_building Siege Workshop |
| 29:20 | Maya · first_building Monastery |
| 29:20 | Enjoyablekandy · first_building Stable |
| 29:40 | Nerdyx · first_building Barracks |
| 30:07 | fonsejua · first_building Castle |
| 30:14 | Nerdyx · first_building Stable |
| 30:19 | dOWNTOWn · first_building Castle |
| 30:26 | fonsejua · wall_segment Stone Wall x28 |
| 30:29 | dOWNTOWn · first_building Archery Range |
| 30:35 | fonsejua · wall_segment Stone Wall x19 |
| 30:40 | fonsejua · wall_segment Stone Wall x21 |
| 30:45 | fonsejua · wall_segment Stone Wall x18 |
| 30:48 | fonsejua · wall_segment Stone Wall x6 |
| 31:08 | ROOOO · age_up imperial |
| 31:22 | dOWNTOWn · age_up imperial |
| 31:31 | fonsejua · first_market_buy 100 food |
| 31:41 | Nerdyx · first_building Krepost |
| 32:16 | Tlacaelel.MX · first_building Castle |
| 32:28 | 失學α少女 · age_up imperial |
| 32:48 | Nerdyx · age_up imperial |
| 33:03 | Tlacaelel.MX · wall_segment Stone Wall x1 |
| 33:08 | Maya · first_building Archery Range |
| 33:12 | Tlacaelel.MX · wall_segment Stone Wall x1 |
| 33:34 | Maya · age_up imperial |
| 33:55 | Maya · first_market_sell 100 wood |
| 34:44 | fonsejua · age_up imperial |
| 35:31 | ROOOO · wall_segment Stone Wall x3 |
| 35:56 | fonsejua · first_building Siege Workshop |
| 36:49 | Nerdyx · first_building Castle |
| 37:19 | Tlacaelel.MX · first_building Siege Workshop |
| 39:09 | Nerdyx · first_building Archery Range |
| 39:53 | fonsejua · wall_segment Stone Wall x4 |
| 39:54 | fonsejua · wall_segment Stone Wall x5 |
| 39:55 | fonsejua · wall_segment Stone Wall x4 |
| 40:06 | Nerdyx · first_building Siege Workshop |
| 41:47 | Tlacaelel.MX · age_up imperial |
| 43:43 | Tlacaelel.MX · first_market_sell 100 food |
| 44:15 | Enjoyablekandy · first_building Archery Range |
| 44:34 | dOWNTOWn · wall_segment Stone Wall x3 |
| 44:37 | dOWNTOWn · wall_segment Stone Wall x1 |
| 44:39 | dOWNTOWn · wall_segment Stone Wall x1 |
| 44:41 | dOWNTOWn · wall_segment Stone Wall x1 |
| 44:43 | dOWNTOWn · wall_segment Stone Wall x1 |
| 45:48 | Maya · tribute_sent a jugador 2 |
| 45:48 | Maya · tribute_sent a jugador 3 |
| 45:48 | Maya · tribute_sent a jugador 4 |
| 45:48 | Maya · tribute_sent a jugador 5 |
| 45:48 | Maya · tribute_sent a jugador 6 |
| 45:48 | Maya · tribute_sent a jugador 7 |
| 45:48 | Maya · tribute_sent a jugador 8 |
| 47:08 | dOWNTOWn · resign |
[ AI ANALYSIS · 1 CREDIT ]
What really happened in this match?
Wolo.gg analyzes every decision: build order, eco, micro, common mistakes by bracket. Personalized analysis on WhatsApp or Discord in 30 seconds.
Civ guide
Bulgarians
Map guide
Lombardia
Perfil
Nerdyx